Match 47554407
Unlisted

Match 47554407
End
Scout Squad
Construct Barracks
Riflemen Squad
Riflemen Squad
M1 Mortar Team
Infantry Support Center
Selects Advanced Infantry Battlegroup
Selects Convert to Ranger Squad
Construct Weapon Support Center
Advanced Logistics
Selects Frontline Medical Station
Frontline Medical Station
M3 Armored Personnel Carrier
Grenade Package
Convert to Ranger Squad
Selects Artillery Observers
Engineer Squad
Convert to Ranger Squad
Construct Tank Depot
Selects Infantry Assault
Infantry Assault
M4(105) Sherman Bulldozer
Selects M2A1 105mm Howitzer Emplacement
Selects Free Fire Drills
M18 Hellcat Tank Destroyer
Infantry Assault
Zbirga
HulkSMASH
[82AD] Janko
็็็็็็็็็็
BÖRK
SKOBADARK
0
0

Comments sign in to comment!

No comments posted yet!